 Dungeon Crawl Stone Soup version 0.18.1-8-gdd0e5ea (webtiles) character file.

11671 Peloso the Carver (level 11, -4/99 HPs)
             Began as a Minotaur Fighter on May 29, 2016.
             Was a High Priest of Okawaru.
             Slain by an ice beast (6 damage)
             ... summoned by an ice statue
             ... in an ice cave.
             The game lasted 00:25:11 (10405 turns).

Peloso the Carver (Minotaur Fighter)               Turns: 10405, Time: 00:25:13

Health: -4/99      AC: 20    Str: 24    XL:     11   Next: 52%
Magic:  11/11      EV: 10    Int:  5    God:    Okawaru [*****.]
Gold:   631        SH:  0    Dex: 13    Spells: 0 memorised, 10 levels left

rFire  + . .     SeeInvis .     o - +2 great sword (elec)
rCold  + . .     Gourm    .     P - +0 plate armour
rNeg   . . .     Faith    .     (shield currently unavailable)
rPois  .         Spirit   .     (helmet restricted)
rElec  .         Dismiss  .     g - +0 cloak
rCorr  .         Reflect  .     R - +1 pair of gloves {Str+3}
SustAt .         Harm     .     h - +0 pair of boots
MR     .....                    (no amulet)
Stlth  ..........               s - ring of protection from cold
                                O - ring of protection from fire

@: not resistant to hostile enchantments, extremely unstealthy
A: retaliatory headbutt, horns 2
a: Heroism, Finesse, Renounce Religion


You were in an ice cave.
You worshipped Okawaru.
Okawaru was extremely pleased with you.
You were near starving.

You visited 2 branches of the dungeon, and saw 12 of its levels.
You also visited: Ice Cave.

You collected 631 gold pieces.

Inventory:

Hand Weapons
 a - a +0 long sword
 o - a +2 great sword of electrocution (weapon)
 G - the +4 spear "Newtslayer" {pierce, rC- rN+ MR+}
   (You found it on level 7 of the Dungeon)

   It inflicts extra damage upon your enemies.
   It makes you vulnerable to cold.
   It protects you from negative energy.
   It affects your resistance to hostile enchantments.
 I - a +3 long sword of freezing
Armour
 c - a +0 shield
 g - a +0 cloak (worn)
 h - a +0 pair of boots (worn)
 P - a +0 plate armour (worn)
 R - a +1 pair of gloves of strength (worn)
Jewellery
 s - a ring of protection from cold (right hand)
 x - an uncursed ring of sustain attributes
 O - a ring of protection from fire (left hand)
Wands
 k - a wand of disintegration (13/24)
 D - a wand of disintegration (11/24)
 K - a wand of acid (0/15)
 M - a wand of enslavement (15/24)
 Q - a wand of paralysis (11/24)
Scrolls
 b - a scroll of identify
 d - 4 scrolls of enchant armour {unknown}
 i - 4 scrolls of teleportation
 j - 2 scrolls of magic mapping
 p - a scroll of fear
 t - a scroll of blinking {unknown}
 v - 3 scrolls of recharging
 w - 6 scrolls of remove curse
 y - a scroll of fog {unknown}
 N - a scroll of enchant weapon {unknown}
Potions
 e - a potion of berserk rage
 l - a potion of cancellation
 n - 4 potions of curing
 q - a potion of resistance {unknown}
 r - a potion of cure mutation {unknown}
 u - 2 potions of might
 A - 4 potions of brilliance {unknown}
 B - 5 potions of flight {unknown}
 C - a potion of lignification {unknown}
 E - a potion of agility {unknown}
 F - 3 potions of heal wounds {unknown}
 H - 2 potions of ambrosia {unknown}
Books
 J - a book of Alchemy

   Spells                             Type                      Level
   a - Sublimation of Blood           Necromancy                   2
   b - Ignite Poison                  Fire/Transmutation/Poison    3
   c - Petrify                        Transmutation/Earth          4
   d - Alistair's Intoxication        Transmutation/Poison         5
   e - Irradiate                      Conjuration/Transmutation    5
Comestibles
 f - 7 bread rations
 m - 3 beef jerkies
 z - 3 meat rations
 L - 7 royal jellies


   Skills:
 + Level 10.1 Fighting
 + Level 11.0 Long Blades
 + Level 10.6 Armour
 + Level 6.8 Dodging
 + Level 2.1 Stealth
 + Level 10.9 Shields
 + Level 1.5 Invocations
 + Level 0.6 Evocations


You had 10 spell levels left.
You didn't know any spells.

Dungeon Overview and Level Annotations

Branches:
Dungeon (11/15)            Temple (1/1) D:5            Lair (0/8) D:9
    Orc (0/2) D:10

Altars:
Ashenzari
Cheibriados
Dithmenos
Gozag
Makhleb
Nemelex Xobeh
Okawaru
Sif Muna
Trog
Zin

Shops:
D:7 }

Annotations:
IceCv exclusion: ice statue


Innate Abilities, Weirdness & Mutations

You reflexively headbutt those who attack you in melee.
You have a pair of horns on your head.


Message History

The ice statue is severely damaged.
You are engulfed in freezing vapours.
You resist.
The ice beast hits you but does no damage.
The ice beast barely misses you. The ice beast completely misses you.
Unknown command.
You hit the ice statue but do no damage.
You headbutt the ice statue, but do no damage.
The ice statue is severely damaged.
You are engulfed in freezing vapours.
You resist.
* * * LOW HITPOINT WARNING * * *
The ice beast hits you but does no damage. x2
The ice beast closely misses you.
Drink which item? (? for menu, Esc to quit)
You feel better.
You are engulfed in freezing vapours.
You resist.
* * * LOW HITPOINT WARNING * * *
The ice beast hits you but does no damage. x2
The ice beast hits you.
* * * LOW HITPOINT WARNING * * *
The ice beast freezes you. You resist.
You die...

###########
##.........##
#...8.:.8...#
##....$.$....##
#......(......#
#....8§Y......#
#....Y@Y......#
##...§§§.....##
#......§....#
#...........#
##.........##
##...∩...##
##.....##
#######


You could see an ice statue and 3 ice beasts.

Vanquished Creatures
  2 hill giants (D:10)
  Pikel (D:8)
  Maurice (D:8)
  2 ice statues
  The ghost of blejac99 the Ducker, a novice DsAK of Lugonu (D:6)
  A gargoyle (D:11)
  A troll (D:10)
  A queen bee (D:9)
  A wyvern (D:10)
  A hill giant zombie (D:10)
  12 yaks
  A hungry ghost (D:10)
  Grum (D:8)
  2 hippogriffs
  11 ice beasts
  4 orc warriors
  4 sky beasts
  A black bear (D:11)
  4 phantoms
  2 wolves (D:8)
  4 ogres
  3 centaurs
  A wyvern zombie (D:7)
  A water moccasin zombie (D:5)
  7 giant frogs
  2 scorpions
  14 killer bees (D:9)
  7 wights
  A howler monkey (D:8)
  4 crimson imps
  2 hounds
  4 jellies
  7 orc priests
  7 orc wizards
  Ijyb (D:3)
  3 iguanas
  4 worker ants
  A killer bee zombie (D:6)
  7 ogre zombies (D:10)
  4 gnolls (D:8)
  10 adders
  A shadow imp (D:10)
  3 adder skeletons
  5 dart slugs
  3 worms
  8 giant geckos
  21 orcs
  6 giant cockroaches
  6 goblins
  7 hobgoblins
  8 jackals
  5 quokkas
  4 ball pythons (D:3)
  5 bats
  A giant gecko zombie (D:5)
  6 giant newts
  2 goblin skeletons (D:10)
  3 goblin zombies (D:10)
  2 hobgoblin skeletons (D:10)
  3 hobgoblin zombies (D:10)
  A jackal skeleton (D:5)
  2 kobolds
  2 orc skeletons (D:10)
  13 orc zombies (D:10)
  A quokka skeleton (D:8)
  A quokka zombie (D:6)
  9 rats
276 creatures vanquished.

Vanquished Creatures (others)
  A slave (D:8)
  A giant frog (D:5)
  A hound (D:8)
  A jelly (D:11)
  2 adders (D:8)
  A shadow imp (D:8)
  An adder skeleton (D:8)
  An orc (D:8)
9 creatures vanquished.

Grand Total: 285 creatures vanquished

Notes
Turn   | Place    | Note
--------------------------------------------------------------
     0 | D:1      | Peloso the Minotaur Fighter began the quest for the Orb.
     0 | D:1      | Reached XP level 1. HP: 19/19 MP: 0/0
    88 | D:1      | Reached XP level 2. HP: 23/27 MP: 1/1
   667 | D:1      | Reached XP level 3. HP: 32/33 MP: 2/2
  1333 | D:3      | Noticed Ijyb
  1346 | D:3      | Killed Ijyb
  1346 | D:3      | Reached skill level 3 in Long Blades
  1346 | D:3      | Reached XP level 4. HP: 35/40 MP: 3/3
  1466 | D:3      | Reached skill level 1 in Dodging
  1683 | D:3      | Reached XP level 5. HP: 47/47 MP: 4/4
  1707 | D:3      | Reached skill level 5 in Armour
  2477 | D:4      | Found a shadowy altar of Dithmenos.
  2488 | D:4      | Noticed an ogre
  2508 | D:4      | Killed an ogre
  2508 | D:4      | Reached skill level 5 in Shields
  2508 | D:4      | Reached XP level 6. HP: 27/53 MP: 5/5
  2763 | D:4      | Reached skill level 4 in Long Blades
  2930 | D:4      | Reached skill level 5 in Fighting
  3394 | D:4      | Reached XP level 7. HP: 58/61 MP: 6/6
  3403 | D:4      | Found a shattered altar of Ashenzari.
  3675 | D:5      | Entered Level 5 of the Dungeon
  3959 | D:5      | Found a staircase to the Ecumenical Temple.
  3968 | Temple   | Entered the Ecumenical Temple
  3991 | Temple   | Became a worshipper of Warmaster Okawaru
  4126 | D:5      | Found a burning altar of Makhleb.
  4142 | D:5      | Reached skill level 1 in Stealth
  4149 | D:5      | Found a glowing silver altar of Zin.
  4149 | D:5      | Noticed an angel
  4150 | D:5      | Noticed a cacodemon
  4622 | D:6      | Noticed blejac99's ghost (novice DsAK)
  4636 | D:6      | Killed blejac99's ghost
  4636 | D:6      | Reached * piety under Okawaru
  4636 | D:6      | Reached skill level 5 in Long Blades
  4640 | D:6      | Reached XP level 8. HP: 65/70 MP: 7/7
  5397 | D:7      | Found Vydidibb's Gadget Emporium.
  5728 | D:7      | Got an ichor-stained spear
  5729 | D:7      | Identified the +4 spear "Newtslayer" {pierce, rC- rN+ MR+} (You found it on level 7 of the Dungeon)
  5830 | D:7      | Reached skill level 6 in Long Blades
  5949 | D:8      | Noticed Maurice
  5950 | D:8      | Noticed Pikel
  5963 | D:8      | Killed Pikel
  5963 | D:8      | Reached ** piety under Okawaru
  5963 | D:8      | Reached XP level 9. HP: 66/79 MP: 8/8
  6009 | D:8      | Killed Maurice
  6009 | D:8      | Reached skill level 5 in Dodging
  6150 | D:7      | Reached skill level 7 in Long Blades
  6334 | D:8      | Reached *** piety under Okawaru
  6811 | D:8      | Noticed Grum
  6826 | D:8      | Killed Grum
  7292 | D:9      | Reached skill level 8 in Long Blades
  7359 | D:9      | Reached XP level 10. HP: 56/88 MP: 7/9
  7378 | D:9      | Reached **** piety under Okawaru
  7791 | D:9      | Found a staircase to the Lair.
  8236 | D:9      | Found an opulent altar of Gozag.
  8271 | D:9      | Reached skill level 9 in Long Blades
  8356 | D:9      | Found a snail-covered altar of Cheibriados.
  8414 | D:9      | Found a deep blue altar of Sif Muna.
  8530 | D:10     | Entered Level 10 of the Dungeon
  8625 | D:10     | Reached skill level 10 in Shields
  8715 | D:10     | Reached ***** piety under Okawaru
  9025 | D:10     | Noticed a hill giant
  9037 | D:10     | Killed a hill giant
  9037 | D:10     | Reached skill level 1 in Invocations
  9082 | D:10     | Reached skill level 10 in Armour
  9214 | D:10     | Reached XP level 11. HP: 97/97 MP: 10/10
  9342 | D:10     | Found a staircase to the Orcish Mines.
  9394 | D:10     | Received a gift from Okawaru
  9409 | D:10     | Reached skill level 10 in Long Blades
  9590 | D:10     | Noticed a hill giant
  9599 | D:10     | Killed a hill giant
 10161 | D:11     | Found a frozen archway.
 10176 | IceCv    | Entered an ice cave
 10198 | IceCv    | Reached skill level 10 in Fighting
 10387 | IceCv    | Reached skill level 11 in Long Blades
 10404 | IceCv    | HP: 4/99 [ice statue] (6)]
 10405 | IceCv    | Slain by an ice beast

Skill      XL: |  1  2  3  4  5  6  7  8  9 10 11 |
---------------+----------------------------------+-----
Armour         | 4 5 6 8 9 10 | 10.6
Fighting       | 4 5 7 8 9 10 | 10.1
Long Blades    | 3 4 5 6 8 9 11 | 11.0
Shields        | 4 5 6 7 8 10 | 10.9
Dodging        | 1 2 3 4 5 6 |  6.8
Stealth        | 1 2 |  2.1
Invocations    | 1 |  1.5
Evocations     | |  0.6

Action                   |  1- 3 |  4- 6 |  7- 9 | 10-12 || total
-------------------------+-------+-------+-------+-------++-------
Melee: Long sword        |   103 |   169 |   274 |   454 ||  1000
       Headbutt          |    14 |    25 |    59 |   132 ||   230
       Great sword       |       |       |       |    64 ||    64
Invok: Heroism           |       |       |     1 |    10 ||    11
Evoke: Wand              |       |       |     2 |       ||     2
  Use: Scroll            |       |       |    12 |     2 ||    14
       Potion            |       |       |     1 |     5 ||     6
  Eat: Chunk             |       |     8 |    11 |    11 ||    30
       Royal jelly       |       |       |     1 |       ||     1
Armor: Scale mail        |    49 |    87 |    31 |       ||   167
       Chain mail        |       |       |    91 |    80 ||   171
       Plate armour      |       |       |       |   123 ||   123
Dodge: Dodged            |    40 |    44 |    71 |   155 ||   310
Block: Shield            |    38 |   105 |   140 |   208 ||   491
